 Dungeon Crawl Stone Soup version 0.27.0-1-g7a089689b8 (webtiles) character file.

Game seed: 5106088029827706315

310 Skiberibeda the Vexing (level 6, -3/29 HPs)
             Began as a Spriggan Enchanter on Aug 7, 2021.
             Killed by nerve-wracking pain
             ... invoked by Grinder
              (11 damage)
             ... on level 4 of the Dungeon.
             The game lasted 00:16:39 (6725 turns).

Skiberibeda the Vexing (Spriggan Enchanter)         Turns: 6725, Time: 00:16:40

Health: -3/29      AC:  2    Str: 10    XL:     6   Next: 18%
Magic:  13/13      EV: 21    Int: 19    God:
Gold:   193        SH:  0    Dex: 15    Spells: 4/13 levels left

rFire    . . .     SeeInvis +   n - +1 dagger (pain)
rCold    . . .     Faith    .   (shield restricted)
rNeg     . . .     Spirit   .   b - +0 robe
rPois    .         Reflect  .   (helmet restricted)
rElec    .         Harm     .   (no cloak)
rCorr    .         Rampage  .   (gloves unavailable)
Will     +....                  (boots unavailable)
Stlth    +++.......             (no amulet)
HPRegen  0.09/turn              c - +6 ring of strength
MPRegen  0.13/turn              j - +4 ring of evasion

@: very quick
A: very small, no large weapons, unfitting armour, see invisible, speed 3
a: no special abilities


You were on level 4 of the Dungeon.
You visited 1 branch of the dungeon, and saw 4 of its levels.

You collected 193 gold pieces.

Inventory:

Hand Weapons
 n - a +1 dagger of pain (weapon)
Armour
 b - a +0 robe (worn)
Jewellery
 c - a +6 ring of strength (left hand)
 j - a +4 ring of evasion (right hand)
Scrolls
 e - a scroll of brand weapon
 f - a scroll of blinking {unknown}
 g - a scroll of fog {unknown}
 h - 2 scrolls of teleportation
Potions
 a - a potion of haste {unknown}
 i - a potion of degeneration {unknown}
 k - a potion of curing {unknown}
 l - 3 potions of berserk rage
 m - a potion of magic {unknown}


   Skills:
 * Level 0.8 Fighting
 * Level 1.6 Short Blades
 + Level 2.8 Dodging
 * Level 4.8 Stealth
 + Level 4.1 Spellcasting
 * Level 0.2 Conjurations
 + Level 7.1 Hexes


You had 4 spell levels left.
You knew the following spells:

 Your Spells              Type           Power      Damage    Failure   Level
a - Corona                Hex            34%        N/A       1%          1
b - Ensorcelled Hibernat  Hex/Ice        34%        N/A       4%          2
c - Confusing Touch       Hex            31%        N/A       2%          3
d - Dazzling Flash        Conj/Hex       36%        N/A       9%          3

Your spell library contained the following spells:

 Spells                   Type           Power      Damage    Failure   Level
 Tukima's Dance           Hex            31%        N/A       2%          3


Dungeon Overview and Level Annotations

Branches:
Dungeon (4/15)
 Temple: D:4-7

Altars:

Annotations:
D:3 2 transporters, Tutankhamun's ghost, amateur TrFi
D:4 Grinder


Innate Abilities, Weirdness & Mutations

You are very small and have problems with some larger weapons.
You are too small for most types of armour.
You have supernaturally acute eyesight. (SInv)
You cover ground extremely quickly. (Speed+++)


Message History

Aiming: Corona (safe; 1% risk of failure)
Press: ? - help, Shift-Dir - straight line, f - Grinder
Aim: Grinder (lightly wounded, chance to affect: 71%) Grinder is outlined in light.
Grinder completely misses you.
Press: ? - help, v - describe, . - travel The floor.
You barely miss Grinder.
Grinder is lightly wounded.
Grinder closely misses you.
You hit Grinder but do no damage.
Grinder is lightly wounded.
Grinder closely misses you.
You hit Grinder.
Grinder is moderately wounded.
Grinder closely misses you.
You hit Grinder but do no damage.
Grinder is moderately wounded.
Grinder hits you.
You writhe in agony.
You hit Grinder.
Grinder is moderately wounded.
Grinder closely misses you.
You hit Grinder.
Grinder is moderately wounded.
Grinder gestures at you.
You easily resist.
You hit Grinder.
Grinder is heavily wounded.
Grinder hits you.
You barely miss Grinder.
Grinder is heavily wounded.
Grinder gestures at you.
You easily resist.
You hit Grinder.
Grinder is heavily wounded.
Grinder stops glowing.
Grinder hits you.
You writhe in agony.
* * * LOW HITPOINT WARNING * * *
There is an open door here.
Grinder gestures at you. Pain shoots through your body!
You die...

#..........)..# #.#..#
#..........[..# ###########.#..##
.....######'### #.........5.#....
.....######'#####...........#.###
.######...)[...##...........#.#
.....)'........>####........#.#
.....##........## #.########.#
...#.##......5.#####.# #.#
...#.##........'@....# #.#
#.##.##........##############.#
#.##.##.......................#
...#.##.........#.<.#.#########
...#.##.........#.#.#.#
...#.########'#.#...#.#
...#.########.#.#####.#
...#.#........#.......#
...#.#.#########...####


You could see Grinder.

Vanquished Creatures
  Blork the orc (D:4)
  2 orc wizards (D:4)
  A hound skeleton (D:4)
  4 gnolls
  3 adders
  An ufetubus (D:3)
  5 worms
  14 orcs
  7 ball pythons
  11 bats
  4 endoplasms
  2 giant cockroaches (D:2)
  4 goblins
  6 hobgoblins
  10 jackals
  8 kobolds
  A quokka (D:1)
  2 rats (D:1)
86 creatures vanquished.

Notes
Turn   | Place    | Note
-------+----------+-------------------------------------------
     0 | D:1      | Skiberibeda the Spriggan Enchanter began the quest for the
                  | Orb.
     0 | D:1      | Reached XP level 1. HP: 9/9 MP: 5/5
    72 | D:1      | Reached skill level 4 in Hexes
    72 | D:1      | Reached XP level 2. HP: 6/13 MP: 5/7
    75 | D:1      | Learned a level 2 spell: Ensorcelled Hibernation
   600 | D:1      | Found a faded altar of an unknown god.
   722 | D:1      | Reached XP level 3. HP: 16/16 MP: 8/8
   726 | D:1      | Learned a level 3 spell: Confusing Touch
  2078 | D:2      | Reached skill level 5 in Hexes
  2562 | D:2      | Reached XP level 4. HP: 21/21 MP: 10/10
  3540 | D:3      | Noticed Tutankhamun's ghost (amateur TrFi)
  3751 | D:3      | Found a transporter.
  3751 | D:3      | Found a transporter.
  4001 | D:3      | Reached skill level 6 in Hexes
  4006 | D:3      | HP: 1/21 [poisoned by a goblin]
  4550 | D:4      | Noticed Blork the orc
  4565 | D:4      | Killed Blork the orc
  4566 | D:4      | Reached XP level 5. HP: 22/24 MP: 6/12
  4894 | D:4      | Reached skill level 7 in Hexes
  6006 | D:4      | Noticed Grinder
  6190 | D:4      | Learned a level 3 spell: Dazzling Flash
  6275 | D:4      | Reached XP level 6. HP: 26/29 MP: 9/13
  6725 | D:4      | Killed from afar by Grinder

Illustrated notes

Levels and vault maps discovered:
D:1:      ebering_trefoil_twist, layout_basic,
          ebering_ecumenical_altar_abandoned
D:2:      layout_basic
D:3:      layout_basic, gammafunk_ghost_arena
D:4:      layout_basic, kennysheep_decorative_pillar, uniq_blork_the_orc,
          uniq_grinder

Skill      XL: |  1  2  3  4  5 |
---------------+----------------+-----
Spellcasting   | 3 4 |  4.1
Hexes          | 4 5 6 7 |  7.1
Fighting       | |  0.8
Short Blades   | |  1.6
Dodging        | |  2.8
Stealth        | |  4.8
Conjurations   | |  0.2

Action                   |  1- 3 |  4- 6 || total
-------------------------+-------+-------++-------
Melee: Dagger            |   142 |   187 ||   329
 Cast: Corona            |     2 |    10 ||    12
       Ensorcelled Hiber |     9 |    39 ||    48
       Confusing Touch   |       |     6 ||     6
  Use: Scroll            |       |     4 ||     4
 Stab: Sleeping          |    15 |    27 ||    42
       Confused          |       |     6 ||     6
       Distracted        |       |     1 ||     1
Armor: Robe              |    14 |    11 ||    25
Dodge: Dodged            |   115 |   157 ||   272
